 Dungeon Crawl Stone Soup version 0.20.1-1-g8b1a95d (webtiles) character file.

46331 vishdafish the Severer (level 14, -5/126 HPs)
             Began as a Hill Orc Monk on July 13, 2017.
             Was a High Priest of Beogh.
             Slain by a large slime creature (26 damage)
             ... on level 15 of the Dungeon.
             The game lasted 00:56:09 (22217 turns).

vishdafish the Severer (Hill Orc Monk)             Turns: 22217, Time: 00:56:10

Health: -5/126     AC: 15    Str: 19    XL:     14   Next: 37%
Magic:  23/25      EV: 15    Int: 12    God:    Beogh [*****.]
Gold:   1170       SH:  2    Dex: 15    Spells: 13/13 levels left

rFire    + + .     SeeInvis .   D - +4 battleaxe
rCold    x . .     Gourm    .   (shield currently unavailable)
rNeg     . . .     Faith    .   S - +0 fire dragon scales
rPois    +         Spirit   .   t - +2 helmet
rElec    .         Reflect  +   I - +0 cloak
rCorr    .         Harm     .   F - +0 pair of gloves
MR       +....                  x - +0 pair of boots
Stlth    ..........             a - +2 amulet of reflection
Regen    0.4/turn               s - +1 ring of evasion
MPRegen  0.2/turn               o - +2 ring of evasion

@: no status effects
A: walk on water, talons 1, agile 1, clever 1, deformed body, poison resistance,
subdued magic 1, MP-powered wands
a: Smiting, Recall Orcish Followers, Give Item to Named Follower, Renounce
Religion


You were on level 15 of the Dungeon.
You worshipped Beogh.
Beogh was extremely pleased with you.
You were very hungry.

You visited 3 branches of the dungeon, and saw 19 of its levels.

You collected 1194 gold pieces.
You spent 24 gold pieces at shops.

Inventory:

Hand Weapons
 D - a +4 battleaxe (weapon)
Missiles
 z - 5 steel javelins (quivered)
 L - 472 arrows
Armour
 t - a +2 helmet (worn)
 x - a +0 pair of boots (worn)
 F - a +0 pair of gloves (worn)
 I - a +0 cloak (worn)
 S - +0 fire dragon scales (worn)
Jewellery
 a - a +2 amulet of reflection (around neck)
 o - a +2 ring of evasion (right hand)
 s - a +1 ring of evasion (left hand)
 J - an uncursed ring of ice
 Q - an uncursed ring of magical power
Wands
 v - a wand of confusion (40/48)
 y - a wand of flame (19/48)
 G - a wand of lightning (7/15)
 K - a wand of paralysis (0/24)
 O - a wand of iceblast (9/15)
Scrolls
 e - a scroll of enchant armour
 i - 2 scrolls of immolation
 j - 13 scrolls of teleportation
 k - 3 scrolls of magic mapping
 l - 4 scrolls of noise {unknown}
 n - 4 scrolls of fog {unknown}
 p - 10 scrolls of remove curse
 u - a scroll of torment {unknown}
 w - a scroll of identify
 B - 2 scrolls of enchant weapon {unknown}
 C - 2 scrolls of blinking
 H - a scroll of holy word {unknown}
 N - 2 scrolls of fear {unknown}
 R - 2 scrolls of summoning {unknown}
 T - a scroll of amnesia {unknown}
 W - a scroll of recharging
Potions
 b - 3 potions of lignification
 d - a potion of brilliance
 g - 3 potions of magic
 r - 2 potions of ambrosia
 E - 2 potions of berserk rage
 P - a potion of mutation {unknown}
 U - 2 potions of agility
 V - a potion of curing
 X - 2 potions of heal wounds
 Y - a potion of haste {unknown}
Books
 m - a book of Misfortune

   Spells                             Type                      Level
   a - Confusing Touch                Hexes                        1
   b - Confuse                        Hexes                        3
   c - Gell's Gravitas                Translocation                3
   d - Petrify                        Transmutation/Earth          4
   e - Metabolic Englaciation         Hexes/Ice                    5
   f - Yara's Violent Unravelling     Hexes/Transmutation          5
 q - a book of Debilitation

   Spells                             Type                      Level
   a - Corona                         Hexes                        1
   b - Slow                           Hexes                        2
   c - Inner Flame                    Hexes/Fire                   3
   d - Portal Projectile              Hexes/Translocation          3
   e - Cause Fear                     Hexes                        4
   f - Leda's Liquefaction            Hexes/Earth                  4
 Z - a book of Minor Magic

   Spells                             Type                      Level
   a - Magic Dart                     Conjuration                  1
   b - Blink                          Translocation                2
   c - Call Imp                       Summoning                    2
   d - Slow                           Hexes                        2
   e - Conjure Flame                  Conjuration/Fire             3
   f - Mephitic Cloud                 Conjuration/Poison/Air       3
Miscellaneous
 M - a phial of floods
Comestibles
 c - 2 bread rations
 f - 10 meat rations
 h - 12 royal jellies
 A - 15 fruits


   Skills:
 + Level 12.2 Fighting
 * Level 18.5 Axes
 + Level 10.2 Armour
 - Level 5.4 Dodging
 - Level 1.9 Stealth
   Level 4.4 Shields
 * Level 15.1 Invocations


You had 13 spell levels left.
You didn't know any spells.

Dungeon Overview and Level Annotations

Branches:
Dungeon (15/15)            Temple (1/1) D:5            Lair (3/6) D:11
  Swamp (0/4) Lair:2        Snake (0/4) Lair:3          Orc (0/2) D:11
 Vaults (0/5) D:14
 Depths: D:15

Altars:
Ashenzari
Cheibriados
Dithmenos
Elyvilon
Fedhas
Gozag
Hepliaklqana
Kikubaaqudgha
Makhleb
Nemelex Xobeh
Okawaru
Qazlal
Ru
Sif Muna
Uskayaw
Vehumet
Xom
The Shining One

Shops:
D:4 *   D:13 (

Annotations:
D:3 vishdafish's ghost, amateur HOMo
D:8 Erica


Innate Abilities, Weirdness & Mutations

You can walk on water.
You have sharp toenails.
You are agile. (Dex +2)
Your mind is acute. (Int +2)
Armour fits poorly on your strangely shaped body.
Your system is resistant to poisons. (rPois)
Your spells are a little easier to cast, but a little less powerful.
You expend magic power (3 MP) to strengthen your wands.


Message History

The gargoyle moves out of view.
The ice beast misses you.
You closely miss the ice beast.
The ice beast is severely wounded.
You slice the troll!! The troll misses you.
The troll claws you but does no damage. The troll misses you.
The ice beast closely misses you.
You slice the ice beast!!
You kill the ice beast!
Beogh accepts your kill.
You slash the troll! You block the troll's attack.
The troll closely misses you. The troll barely misses you.
You slice the troll!!
You kill the troll!
Beogh accepts your kill.
Your orc knight no longer looks unusually strong.
Your orc knight hits the large slime creature with a dire flail!
The gargoyle hits your orc knight but does no damage.
Your orc knight hits the gargoyle with a dire flail!
The large slime creature hits you!!
You die...

......# #...#
.#####..)######
.......))().)<#
........)####(#
#######9o# #.#
#..####†###.
#..J........
#.$.@...##
#.####..# #.#
#J.# #. #..# #.
.. #.


You could see a large slime creature, a gargoyle and a friendly orc knight.

Vanquished Creatures
  Frances (D:14)
  A fire dragon (D:14)
  A great orb of eyes (D:10)
  4 hydras
  A centaur warrior (D:14)
  2 two-headed ogres
  A tengu warrior (D:13)
  4 death yaks
  A glowing orange brain (shapeshifter) (D:10)
  An orc knight (D:15)
  A shining eye (shapeshifter) (D:14)
  4 ugly things
  3 manticores
  3 cyclopes
  4 black mambas
  5 elephants (Lair:2)
  A centaur zombie (D:14)
  3 spiny frogs (Lair:2)
  A komodo dragon (Lair:3)
  5 yaktaurs (D:14)
  2 rime drakes (Lair:3)
  A hornet (D:12)
  2 trolls
  Grinder (D:3)
  7 blink frogs
  4 hippogriffs
  Sigmund (D:3)
  26 yaks
  3 basilisks
  A water elemental (D:11)
  2 wraiths
  A shadow (D:14)
  3 wyverns
  3 vampires
  4 hogs (D:7)
  A hungry ghost (D:11)
  A human (D:7)
  5 vampire mosquitoes
  A soldier ant (D:11)
  12 water moccasins
  4 porcupines
  An acid dragon (D:14)
  6 ice beasts
  A necrophage (D:8)
  7 orc warriors
  5 sky beasts
  3 black bears
  2 wolves (D:11)
  2 ogres
  17 centaurs
  3 crocodiles
  3 big kobolds
  15 bullfrogs
  3 scorpions
  3 killer bees (D:9)
  12 wights
  4 howler monkeys
  10 crimson imps
  8 hounds
  2 bullfrog zombies
  2 orc priests
  2 bullfrog skeletons
  5 centaur skeletons
  A jelly (D:8)
  An orc wizard (D:8)
  Jessica (D:3)
  2 iguanas
  10 worker ants
  A hound zombie (D:10)
  2 worker ant zombies
  3 gnolls (D:7)
  19 adders
  A shadow imp (D:5)
  2 oozes
  An adder skeleton (D:7)
  2 worms (D:4)
  7 leopard geckos
  16 orcs
  3 ball pythons
  11 bats
  5 giant cockroaches
  3 goblins
  10 hobgoblins
  16 jackals
  9 quokkas
  5 frilled lizards
  A jackal skeleton (D:5)
  16 kobolds
  8 rats
404 creatures vanquished.

Vanquished Creatures (collateral kills)
  A skeletal warrior (D:14)
  An orc knight (D:14)
  2 manticores
  3 ugly things
  A gargoyle (D:14)
  4 centaur skeletons (D:14)
  An efreet (D:15)
  2 kobold demonologists
  A komodo dragon (D:13)
  A merfolk (shapeshifter) (D:13)
  A troll (D:11)
  2 slime creatures (D:15)
  A yak (Lair:1)
  A wraith (D:14)
  A vampire mosquito (D:14)
  A soldier ant (D:13)
  A water moccasin (Lair:1)
  2 porcupines
  An orc warrior (D:15)
  3 ice beasts
  A necrophage (D:13)
  3 centaurs (D:14)
  2 bullfrogs
  4 big kobolds (D:14)
  2 wights
  3 hounds
  An orc priest (D:15)
  5 orc wizards
  An iguana (D:11)
  An adder (D:11)
  A shadow imp (D:15)
  3 orcs
  3 jackals (D:11)
  8 kobolds (D:11)
69 creatures vanquished.

Vanquished Creatures (others)
  An orc sorcerer (D:11)
  3 orc knights
  6 orc warriors
  4 orc wizards
  4 orc priests
  19 orcs
  A bush (Lair:2)
  5 fungi
  10 plants
53 creatures vanquished.

Grand Total: 526 creatures vanquished

Notes
Turn   | Place    | Note
-------+----------+-------------------------------------------
     0 | D:1      | vishdafish the Hill Orc Monk began the quest for the Orb.
     0 | D:1      | Reached XP level 1. HP: 19/19 MP: 1/1
   277 | D:1      | Reached XP level 2. HP: 21/27 MP: 2/2
   599 | D:1      | Reached XP level 3. HP: 6/33 MP: 3/3
  1232 | D:2      | Reached skill level 5 in Axes
  1298 | D:2      | Found a shattered altar of Ashenzari.
  1389 | D:2      | Reached XP level 4. HP: 34/40 MP: 4/4
  1660 | D:2      | Found a stormy altar of Qazlal.
  1924 | D:3      | Noticed Sigmund
  1945 | D:3      | Killed Sigmund
  1945 | D:3      | Reached skill level 6 in Axes
  1945 | D:3      | Reached skill level 1 in Shields
  1945 | D:3      | Reached XP level 5. HP: 20/47 MP: 5/5
  1945 | D:3      | Reached XP level 6. HP: 23/55 MP: 6/6
  2184 | D:3      | Found a hazy altar of Hepliaklqana.
  2352 | D:3      | Noticed Grinder
  2352 | D:3      | Noticed vishdafish's ghost (amateur HOMo)
  2356 | D:3      | Paralysed by Grinder for 3 turns
  2441 | D:3      | HP: 1/55 [vishdafish's ghost (8)]
  2898 | D:4      | Reached skill level 7 in Axes
  2973 | D:4      | Found Tehik's General Store.
  2978 | D:4      | Bought a scroll of identify for 24 gold pieces
  3054 | D:4      | Reached skill level 5 in Fighting
  3689 | D:3      | Killed Grinder
  3689 | D:3      | Reached skill level 8 in Axes
  3689 | D:3      | Reached XP level 7. HP: 36/61 MP: 7/7
  3956 | D:3      | Noticed Jessica
  3969 | D:3      | Killed Jessica
  4125 | D:5      | Entered Level 5 of the Dungeon
  4886 | D:5      | Reached XP level 8. HP: 25/70 MP: 8/8
  5118 | D:5      | Found a staircase to the Ecumenical Temple.
  5134 | Temple   | Entered the Ecumenical Temple
  5414 | D:5      | Reached skill level 9 in Axes
  5421 | D:5      | Found a sacrificial altar of Ru.
  5462 | D:5      | Found a hide-covered altar of Uskayaw.
  5990 | D:6      | Found an ancient bone altar of Kikubaaqudgha.
  6146 | D:6      | Reached skill level 10 in Axes
  6146 | D:6      | Reached skill level 1 in Armour
  6226 | D:6      | Gained mutation: Your mind is acute. (Int +2) [mutagenic meat]
  6227 | D:6      | Gained mutation: You expend magic power (3 MP) to strengthen your wands. [mutagenic meat]
  6401 | D:6      | Reached XP level 9. HP: 79/79 MP: 9/9
  6946 | D:6      | Found a shimmering altar of Xom.
  6946 | D:6      | Found a burning altar of Makhleb.
  7026 | D:7      | Found a white marble altar of Elyvilon.
  7307 | D:7      | Found a shimmering altar of Xom.
  7346 | D:7      | Reached skill level 11 in Axes
  7488 | D:7      | Reached skill level 5 in Dodging
  7530 | D:7      | Found a radiant altar of Vehumet.
  8023 | D:7      | Became a worshipper of Beogh the Brigand
  8023 | D:7      | Reached * piety under Beogh
  8023 | D:7      | Reached ** piety under Beogh
  8474 | D:8      | Reached skill level 1 in Invocations
  8533 | D:8      | Reached skill level 12 in Axes
  8553 | D:8      | Reached XP level 10. HP: 84/87 MP: 11/11
  8876 | D:8      | Noticed Erica
 10345 | D:9      | Reached skill level 5 in Invocations
 10528 | D:9      | Reached skill level 5 in Armour
 10545 | D:9      | Found an opulent altar of Gozag.
 10602 | D:10     | Entered Level 10 of the Dungeon
 10620 | D:10     | Reached *** piety under Beogh
 10711 | D:10     | Reached skill level 13 in Axes
 11029 | D:10     | Noticed a cyan ugly thing
 11029 | D:10     | Noticed a manticore
 11029 | D:10     | Noticed a water nymph
 11029 | D:10     | Noticed a great orb of eyes
 11029 | D:10     | Paralysed by a great orb of eyes for 3 turns
 11033 | D:10     | a water nymph changed into a swamp worm
 11036 | D:10     | Noticed a glowing orange brain
 11036 | D:10     | a swamp worm changed into a glowing orange brain
 11040 | D:10     | Killed a glowing orange brain
 11043 | D:10     | Killed a cyan ugly thing
 11043 | D:10     | Reached XP level 11. HP: 34/97 MP: 16/16
 11049 | D:10     | Killed a great orb of eyes
 11054 | D:10     | Killed a manticore
 11505 | D:11     | Found a staircase to the Lair.
 11517 | D:11     | Gained Wargath as an ally
 11529 | D:11     | Reached skill level 14 in Axes
 11608 | D:11     | Reached **** piety under Beogh
 11944 | D:11     | Found a staircase to the Orcish Mines.
 12006 | D:11     | Noticed a two-headed ogre
 12013 | D:11     | Killed a two-headed ogre
 12898 | D:11     | Reached skill level 10 in Fighting
 12976 | D:11     | Noticed a manticore
 12986 | D:11     | Killed a manticore
 12989 | D:11     | Your ally Wargath died
 13274 | D:11     | Noticed a white ugly thing
 13282 | D:11     | Killed a white ugly thing
 13282 | D:11     | Reached skill level 15 in Axes
 13591 | D:12     | Noticed a cyan ugly thing
 13601 | D:12     | Killed a cyan ugly thing
 13601 | D:12     | Reached skill level 10 in Invocations
 13601 | D:12     | Reached XP level 12. HP: 106/106 MP: 19/19
 13875 | D:12     | Reached ***** piety under Beogh
 14841 | Lair:1   | Entered Level 1 of the Lair of Beasts
 15090 | Lair:1   | Gained Learuk as an ally
 16062 | Lair:2   | Found a hazy altar of Hepliaklqana.
 16327 | Lair:2   | Found a staircase to the Swamp.
 16359 | Lair:2   | Noticed a death yak
 16359 | Lair:2   | Noticed a death yak
 16360 | Lair:2   | Noticed a death yak
 16360 | Lair:2   | Noticed a death yak
 16399 | Lair:2   | Noticed a seven-headed hydra
 16417 | Lair:1   | Killed a death yak
 16417 | Lair:1   | Reached skill level 16 in Axes
 16573 | Lair:2   | Your ally Learuk died
 16604 | Lair:1   | Killed a death yak
 17052 | Lair:2   | Killed a seven-headed hydra
 17177 | Lair:2   | Killed a death yak
 17190 | Lair:2   | HP: 4/108 [death yak (7)]
 17193 | Lair:2   | Killed a death yak
 17193 | Lair:2   | Reached XP level 13. HP: 22/116 MP: 22/22
 18697 | Lair:3   | Reached skill level 17 in Axes
 18905 | Lair:3   | Found a staircase to the Snake Pit.
 19674 | D:13     | Gained mutation: You are agile. (Dex +2) [mutagenic meat]
 19675 | D:13     | Gained mutation: You have sharp toenails. [mutagenic meat]
 19676 | D:13     | Gained mutation: Armour fits poorly on your strangely shaped body. [mutagenic meat]
 19677 | D:13     | Gained mutation: Your system is resistant to poisons. (rPois) [mutagenic meat]
 20004 | D:13     | Found Jigok's Antique Weapon Boutique.
 20317 | D:14     | Gained Gorm as an ally
 20346 | D:14     | Reached ****** piety under Beogh
 20700 | D:14     | Found a gate to the Vaults.
 20860 | D:14     | Found a shimmering altar of Xom.
 20860 | D:14     | Found a shimmering altar of Xom.
 20904 | D:14     | Gained Wargath as an ally
 21016 | D:14     | Noticed Frances
 21034 | D:14     | Killed Frances
 21034 | D:14     | Reached skill level 18 in Axes
 21034 | D:14     | Reached XP level 14. HP: 24/125 MP: 24/24
 21750 | D:14     | Reached skill level 10 in Armour
 22076 | D:14     | Gained mutation: Your spells are a little easier to cast, but a little less powerful. [a shining eye]
 22155 | D:15     | Entered Level 15 of the Dungeon
 22179 | D:15     | Your ally Wargath died
 22180 | D:15     | Reached skill level 15 in Invocations
 22201 | D:15     | Your ally Gorm died
 22217 | D:15     | Slain by a large slime creature

Skill      XL: |  1  2  3  4  5  6  7  8  9 10 11 12 13 14 |
---------------+-------------------------------------------+-----
Fighting       | 4 5 6 7 8 9 10 11 12 | 12.2
Axes           | 5 6 8 10 12 13 15 16 18 | 18.5
Dodging        | 3 4 5 |  5.4
Shields        | 1 2 3 4 |  4.4
Armour         | 1 4 5 7 8 9 10 | 10.2
Invocations    | 2 6 10 12 14 15 | 15.1
Stealth        | |  1.9

Action                   |  1- 3 |  4- 6 |  7- 9 | 10-12 | 13-15 || total
-------------------------+-------+-------+-------+-------+-------++-------
Melee: Hand axe          |   138 |   188 |   232 |       |       ||   558
       Battleaxe         |       |       |   132 |   554 |   461 ||  1147
       War axe           |       |       |    14 |       |       ||    14
 Fire: Hunting sling     |       |       |     4 |     4 |       ||     8
Throw: Javelin           |       |       |       |     5 |       ||     5
Invok: Convert to Beogh  |       |       |     1 |       |       ||     1
       Smiting           |       |       |       |     3 |     8 ||    11
       Recall Orcish Fol |       |       |       |       |     2 ||     2
Evoke: Wand              |       |       |       |     6 |     5 ||    11
       Phial of floods   |       |       |       |     1 |       ||     1
  Use: Potion            |       |     4 |     1 |     5 |     4 ||    14
       Scroll            |       |     2 |     5 |     5 |     5 ||    17
 Stab: Sleeping          |     2 |     7 |     3 |       |       ||    12
       Distracted        |       |       |       |     7 |     3 ||    10
       Paralysed         |       |       |       |     4 |     3 ||     7
  Eat: Chunk             |     1 |     8 |     9 |    16 |     6 ||    40
       Bread ration      |       |       |     2 |     4 |     2 ||     8
Armor: Robe              |    22 |    20 |    59 |       |       ||   101
       Skin              |       |     9 |       |       |       ||     9
       Ring mail         |       |       |    25 |   155 |       ||   180
       Chain mail        |       |       |       |    34 |   169 ||   203
       Fire dragon scale |       |       |       |       |     9 ||     9
Dodge: Dodged            |   126 |    90 |   209 |   338 |   240 ||  1003
Block: Buckler           |       |    22 |    52 |       |       ||    74
       Other             |       |       |       |       |    14 ||    14
       Reflection        |       |       |       |       |     2 ||     2
